 Dungeon Crawl Stone Soup version 0.29.1-2-gbd0b4ee654 (webtiles) character file.

Game seed: 2199660879191722413

47 qeuew the Chopper (level 3, -2/28 (33) HPs)
             Began as a Hill Orc Monk on Nov 11, 2022.
             Slain by an orc
             ... wielding a +2 flail of draining
              (7 damage)
             ... on level 4 of the Dungeon.
             The game lasted 00:02:38 (1971 turns).

qeuew the Chopper (Hill Orc Monk)                   Turns: 1971, Time: 00:02:39

HP:   -2/28 (33)    AC:  6    Str: 15    XL:     3   Next: 70%
MP:   3/3           EV: 10    Int: 10    God:
Gold: 79            SH:  0    Dex: 13    Spells: 2/2 levels left

rFire   . . .      SeeInvis .   a - +0 hand axe
rCold   . . .      Faith    .   (no shield)
rNeg    . . .      Spirit   .   f - +0 scale mail
rPois   .          Reflect  .   (no helmet)
rElec   .          Harm     .   (no cloak)
rCorr   .          Rampage  .   (no gloves)
Will    .....                   (no boots)
Stlth   ..........              (no amulet)
HPRegen 0.09/turn               (no ring)
MPRegen 0.08/turn               (no ring)

@: heavily drained
A: no striking features
a: no special abilities


You were on level 4 of the Dungeon.
You visited 1 branch of the dungeon, and saw 3 of its levels.

You collected 91 gold pieces.
You spent 12 gold pieces at shops.

Inventory:

Hand Weapons
 a - a +0 hand axe (weapon)
Armour
 f - a +0 scale mail (worn)
Scrolls
 d - 2 scrolls of teleportation
Potions
 b - a potion of flight {unknown}


   Skills:
 + Level 4.2 Fighting
 + Level 4.6 Axes
 + Level 1.4 Armour
 + Level 2.8 Dodging
 - Level 1.5 Stealth


You had 2 spell levels left.
You didn't know any spells.
Your spell library contained the following spells:

 Spells                   Type           Power      Damage    Failure   Level
 Freeze                   Ice            0%         1d3       83%         1
 Frozen Ramparts          Ice            0%         1d1       99%         3
 Hailstorm                Conj/Ice       0%         3d3       100%        4
 Ice Form                 Ice/Tmut       0%         N/A       100%        4
 Simulacrum               Ice/Necr       0%         N/A       100%        6


Dungeon Overview and Level Annotations

Branches:
Dungeon (4/15)
 Temple: D:4-7

Altars:

Shops:
D:4 !

Annotations:
D:4 Pikel


Message History

You are too injured to fight recklessly!
You are too injured to fight recklessly!
You are too injured to fight recklessly!
You are too injured to fight recklessly!
You are too injured to fight recklessly!
You are too injured to fight recklessly!
You are too injured to fight recklessly!
You are too injured to fight recklessly!
You are too injured to fight recklessly!
You closely miss the orc.
The orc is heavily wounded.
You hit the hobgoblin.
The orc hits you with a +2 flail of draining.
You feel drained.
The hobgoblin hits you but does no damage.
You hit the orc but do no damage.
The orc is heavily wounded.
You closely miss the hobgoblin.
The orc hits you with a +2 flail of draining.
* * * LOW HITPOINT WARNING * * *
You feel drained.
* * * LOW HITPOINT WARNING * * *
The hobgoblin barely misses you.
You are confused.
You feel invigorated.
The orc hits you with a +2 flail of draining.
* * * LOW HITPOINT WARNING * * *
You feel drained.
* * * LOW HITPOINT WARNING * * *
The hobgoblin barely misses you. The hobgoblin hits you.
* * * LOW HITPOINT WARNING * * *
The hobgoblin attacks as you move away! The hobgoblin barely misses you.
You feel less invigorated.
You feel less confused.
You hit the orc.
The orc is almost dead.
You hit the hobgoblin.
The orc hits you with a +2 flail of draining!
You die...

#......###+###
#............#
#............#
#............#
+............#
#####............+
.................#
.........o@.......
.........g........
...........####+#.
.......$...#
...........#
#...........#
#...........#
#.####......#
#...........#


You could see an orc and a hobgoblin.

Vanquished Creatures
  An adder (D:2)
  2 dart slugs
  4 ball pythons (D:1)
  A bat (D:1)
  4 endoplasms (D:1)
  2 giant cockroaches (D:1)
  6 goblins
  3 hobgoblins
  A kobold (D:1)
  6 rats
30 creatures vanquished.

Notes
Turn   | Place    | Note
-------+----------+-------------------------------------------
     0 | D:1      | qeuew the Hill Orc Monk began the quest for the Orb.
     0 | D:1      | Reached XP level 1. HP: 19/19 MP: 1/1
   418 | D:1      | Reached XP level 2. HP: 23/27 MP: 2/2
   656 | D:1      | Reached skill level 1 in Armour
   950 | D:1      | Reached XP level 3. HP: 33/33 MP: 3/3
  1480 | D:2      | Found a faded altar of an unknown god.
  1829 | D:2      | You fall into a shaft and drop 2 floors!
  1833 | D:4      | Noticed Pikel
  1833 | D:4      | Noticed a lemure
  1833 | D:4      | Noticed a lemure
  1833 | D:4      | Noticed a lemure
  1948 | D:4      | Found Vadexteem's Distillery.
  1951 | D:4      | Bought a potion of degeneration for 12 gold pieces
  1968 | D:4      | HP: 1/28 [orc/+2 flail of draining (3)]
  1971 | D:4      | Slain by an orc

Illustrated notes

Levels and vault maps discovered:
D:1:      amcnicky_arrival_feature_with_door, layout_basic, st_stairs_8,
          minmay_cupped
D:2:      layout_basic, basic_ecumenical_altar
D:4:      layout_gridville, lemuel_temple_firewalk_a, serial_shops,
          kennysheep_mini_moat, uniq_blork_the_orc, uniq_pikel

Skill      XL: |  1  2 |
---------------+-------+-----
Armour         | 1 |  1.4
Fighting       | 4 |  4.2
Axes           | |  4.6
Dodging        | |  2.8
Stealth        | |  1.5

Action                   || total
-------------------------++-------
Melee: Hand axe          ||    99
  Use: Scroll            ||     4
       Potion            ||     2
Armor: Robe              ||     3
       Scale mail        ||    37
Dodge: Dodged            ||    44
